 Dungeon Crawl Stone Soup version 0.29-a0-486-ga88943ba61 (webtiles) character file.

Game seed: 13222759063197297935

51 Morbidden the Ruffian (level 3, 0/35 HPs)
             Began as an Ogre Transmuter on May 26, 2022.
             Was a Believer of Sif Muna.
             Succumbed to a goblin's poison
             ... on level 2 of the Dungeon.
             The game lasted 00:01:46 (1670 turns).

Morbidden the Ruffian (Ogre Transmuter)             Turns: 1670, Time: 00:01:47

Health: 0/35       AC:  3    Str: 14    XL:     3   Next: 81%
Magic:  6/7        EV: 10    Int: 16    God:    Sif Muna [**....]
Gold:   79         SH:  0    Dex:  9    Spells: 4/8 levels left

rFire   . . .      SeeInvis .     - Unarmed
rCold   . . .      Faith    .   (no shield)
rNeg    . . .      Spirit   .   a - +0 robe
rPois   .          Reflect  .   (helmet currently unavailable)
rElec   .          Harm     .   (no cloak)
rCorr   .          Rampage  .   (gloves unavailable)
Will    .....                   (boots unavailable)
Stlth   +.........              d - amulet of regeneration
HPRegen 0.91/turn               (no ring)
MPRegen 0.10/turn               (no ring)

@: lethally poisoned (0 -> -13), appendages
A: horns 2, talons 2, large, unfitting armour, tough skin 1
a: End Transformation, Renounce Religion, Channel Magic


You were on level 2 of the Dungeon.
You worshipped Sif Muna.
Sif Muna was pleased with you.
You had temporarily grown beastly horns and talons.
You visited 1 branch of the dungeon, and saw 2 of its levels.

You collected 79 gold pieces.

Inventory:

Armour
 a - a +0 robe (worn)
Jewellery
 d - an amulet of regeneration (around neck)
Scrolls
 c - 2 scrolls of magic mapping {unknown}
 e - a scroll of blinking {unknown}
 f - 2 scrolls of identify
 h - a scroll of summoning {unknown}
 k - a scroll of torment {unknown}
 l - a scroll of vulnerability
Potions
 b - a potion of lignification
 g - a potion of mutation {unknown}
 i - a potion of flight {unknown}
 j - a potion of brilliance {unknown}
 m - a potion of heal wounds {unknown}


   Skills:
 * Level 2.1 Fighting
 * Level 2.1 Dodging
 * Level 3.3 Unarmed Combat
 * Level 3.0 Spellcasting
 * Level 2.0 Transmutations


You had 4 spell levels left.
You knew the following spells:

 Your Spells              Type           Power      Damage    Failure   Level
a - Beastly Appendage     Tmut           18%        N/A       9%          1
b - Spider Form           Tmut/Pois      5%         N/A       36%         3

Your spell library contained the following spells:

 Spells                   Type           Power      Damage    Failure   Level
 Wereblood                Tmut           9%         N/A       12%         2
 Ice Form                 Ice/Tmut       5%         N/A       77%         4


Dungeon Overview and Level Annotations

Branches:
Dungeon (2/15)

Altars:
Sif Muna


Innate Abilities, Weirdness & Mutations

You have temporarily grown beastly horns and talons.
You are too large for most types of armour.
You have tough skin. (AC +1)


Message History

You grow a pair of large bovine horns.
Your feet morph into talons.
The frilled lizard barely misses you. The worm barely misses you.
The frilled lizard barely misses you.
You completely miss the worm.
The worm is moderately wounded.
The frilled lizard bites you but does no damage.
The worm bites you!
You barely miss the worm.
The worm is moderately wounded.
The frilled lizard bites you but does no damage.
The goblin completely misses you.
You barely miss the worm.
The worm is moderately wounded.
The goblin hits you with a +0 dagger of venom.
You are poisoned.
The worm bites you. The frilled lizard bites you.
You hit the worm. You headbutt the worm.
The worm is heavily wounded.
You feel very sick. The frilled lizard closely misses you.
The goblin closely misses you.
You hit the worm. Your kick misses the worm.
You punch the worm, but do no damage.
The worm is severely wounded.
You feel sick. The worm closely misses you.
The frilled lizard bites you but does no damage.
The goblin hits you with a +0 dagger of venom.
You are more poisoned.
You are too injured to fight recklessly!
The frilled lizard attacks as you move away!
The frilled lizard bites you but does no damage.
The goblin attacks as you move away! The goblin hits you but does no damage.
You feel very sick.
Unknown command.
The goblin attacks as you move away!
The goblin hits you with a +0 dagger of venom.
* * * LOW HITPOINT WARNING * * *
You are lethally poisoned!
* * * LOW HITPOINT WARNING * * *
You feel very sick.
You die...

...........#
...........#
.).........#
...........#
...........#
.......w...+
......(..g.#
........l..############
#######...@!.....#....#
#.$....###.#.##.#
#......+ #.#..#.#
#......# #....#.#
#.....)# #....#.#
#......# #....#.#
#......# #....#.#
####..## #....#.# #...
#....#.#


You could see a worm, a goblin and a frilled lizard.

Vanquished Creatures
  A worm (D:2)
  3 ball pythons (D:1)
  2 endoplasms (D:1)
  6 goblins (D:1)
  4 hobgoblins (D:1)
  8 jackals (D:1)
  4 kobolds
  3 quokkas
  3 bats (D:1)
  2 frilled lizards (D:1)
  5 rats
41 creatures vanquished.

Vanquished Creatures (others)
  4 plants (D:1)
  4 withered plants (D:1)
8 creatures vanquished.

Grand Total: 49 creatures vanquished

Notes
Turn   | Place    | Note
-------+----------+-------------------------------------------
     0 | D:1      | Morbidden the Ogre Transmuter began the quest for the Orb.
     0 | D:1      | Reached XP level 1. HP: 19/19 MP: 3/3
   365 | D:1      | Reached XP level 2. HP: 19/28 MP: 3/5
   764 | D:1      | Found a faded altar of an unknown god.
   819 | D:1      | Prayed at the altar of an unknown god.
   819 | D:1      | Became a worshipper of Sif Muna the Loreminder
   819 | D:1      | Reached * piety under Sif Muna
  1077 | D:1      | Reached XP level 3. HP: 24/35 MP: 5/7
  1570 | D:2      | Learned a level 3 spell: Spider Form
  1632 | D:2      | Reached ** piety under Sif Muna
  1670 | D:2      | Succumbed to a goblin's poison

Illustrated notes

Levels and vault maps discovered:
D:1:      heliophobic_arrival_dark_side_of_the_moon, layout_basic,
          shapermc_ecumenical_altar_flowoftime, minmay_misc_feat_room
D:2:      layout_basic, minivault_5

Skill      XL: |  1  2  3 |
---------------+----------+-----
Unarmed Combat | 3 |  3.3
Dodging        | 2 |  2.1
Fighting       | 2 |  2.1
Transmutations | 2 |  2.0
Spellcasting   | 3 |  3.0

Action                   || total
-------------------------++-------
Melee: Unarmed           ||   197
       Kick              ||    27
       Headbutt          ||    19
       Punch             ||     4
 Cast: Beastly Appendage ||    20
  Use: Scroll            ||     1
Armor: Robe              ||    66
Dodge: Dodged            ||   152

Table legend: (Time is in decaauts)
 A = Elapsed time spent in this place.
 B = Non-inter-level travel time spent in this place.
 C = Inter-level travel time spent in this place.
 D = Time resting spent in this place.
 E = Time spent auto-exploring this place.
 F = Levels seen in this place.
 G = Mean time per level.
                   A        B        C        D        E       F      G
               +--------+--------+--------+--------+--------+-----+--------+
         Total |   1658 |   1633 |     25 |    308 |    928 |   2 |  829.0 |
       Dungeon |   1658 |   1633 |     25 |    308 |    928 |   2 |  829.0 |
               +--------+--------+--------+--------+--------+-----+--------+

Top non-repeatable levels by time:
     D:1: 1532 daAuts
     D:2: 125 daAuts
